[Event "Team 45 45 League T26"]
[Site "Internet Chess Club"]
[Date "2005.05.09"]
[Round "8"]
[White "camembert"]
[Black "Loco-Motif"]
[Result "1-0"]
[WhiteElo "1845"]
[BlackElo "1843"]
[TimeControl "2700+45"]

1. e4 e5 2. f4 exf4 3. Nf3 g5 4. Bc4 Bg7 5. O-O h6 6. d4 d6 7. Nc3 Nc6 8. Nd5
Nf6 9. Nxf6+ Bxf6 10. c3 O-O 11. Qc2 Kg7 12. b4 Re8 13. b5 Ne7 14. e5 Bf5 15.
exf6+ Kxf6 16. Bd3 Qd7 17. c4 c6 18. d5 Ng6 19. bxc6 bxc6 20. Bxf5 Qxf5 21.
Qxf5+ Kxf5 22. Nd4+ Kg4 23. Nxc6 Re4 24. Ba3 Rxc4 25. Bxd6 f6 26. Rac1 Re4 27.
Rfe1 f5 28. Kf2 Rae8 29. Bc7 Nf8 30. Nb8 a5 31. d6 Ne6 32. Red1 Nd8 33. d7 Rf8
34. Bxd8 Rxd8 35. Rc8 {Black resigns} 1-0

[Event "Team 45 45 League T26"]
[Site "Internet Chess Club"]
[Date "2005.05.09"]
[Round "8"]
[White "Wevey"]
[Black "six-killer"]
[Result "1/2-1/2"]
[WhiteElo "1837"]
[BlackElo "1753"]
[TimeControl "2700+45"]

1. e4 c5 2. Nf3 d6 3. d4 cxd4 4. Nxd4 Nf6 5. Nc3 a6 6. f3 e5 7. Nb3 Be6 8. Bg5
Nbd7 9. Bd3 Be7 10. Bxf6 Nxf6 11. Qe2 b5 12. O-O Qb6+ 13. Kh1 O-O 14. Nd1 Nh5
15. g3 f5 16. f4 Nf6 17. exf5 Bd5+ 18. Rf3 e4 19. Ne3 Bb7 20. Bxe4 Bxe4 21. Rd1
Qb7 22. Kg2 Bxf3+ 23. Qxf3 Qxf3+ 24. Kxf3 a5 25. Nd4 b4 26. g4 Nd7 27. Nd5 Bf6
28. Ne6 Rfc8 29. g5 Bd8 30. f6 g6 31. Rd2 Kf7 32. Re2 Ra6 33. Nxd8+ Rxd8 34.
Re7+ Kg8 35. f7+ Kf8 36. Re8+ Rxe8 37. fxe8=Q+ Kxe8 38. Nc7+ Kd8 39. Nxa6 Kc8
40. Ke4 Kb7 41. Nxb4 axb4 42. Kd5 Kb6 43. Kxd6 Nc5 44. Ke5 Kc6 45. Kf6 Kd6 46.
Kg7 Ne6+ 47. Kxh7 Nxf4 48. a3 bxa3 49. bxa3 Ke6 50. Kh6 Kf5 51. h4 Ne6 52. a4
Kg4 53. Kxg6 Kxh4 54. a5 Nxg5 55. a6 Ne6 56. a7 Nc7 57. Kf7 Kg5 58. Ke7 Kf5 59.
Kd7 Na8 60. Kc8 Ke6 61. Kb8 Kd6 62. Kxa8 Kc7 63. c3 Kc8 64. c4 Kc7 65. c5 Kc8
66. c6 Kc7 {White stalemated} 1/2-1/2

[Event "Team 45 45 League T26"]
[Site "Internet Chess Club"]
[Date "2005.05.08"]
[Round "8"]
[White "RD1974"]
[Black "DaveTheRook"]
[Result "0-1"]
[WhiteElo "1676"]
[BlackElo "1659"]
[TimeControl "2700+45"]

1. e4 b6 2. d4 Bb7 3. Nc3 e6 4. a3 Nf6 5. Bd3 Be7 6. Nf3 O-O 7. O-O d5 8. e5
Nfd7 9. Ne2 c5 10. c3 c4 11. Bb1 Re8 12. Qc2 Nf8 13. Nf4 Nc6 14. b4 cxb3 15.
Qxb3 Na5 16. Qc2 Ba6 17. Re1 Rc8 18. Nh3 g6 19. Qd2 Nb3 20. Qf4 Nxa1 21. Nfg5
Bxg5 22. Nxg5 Qe7 23. Nf3 Nb3 24. Bd2 Nxd2 25. Qxd2 Kg7 26. Qf4 h6 27. h4 Nh7
28. Re3 Rc7 29. Nh2 Rec8 30. Ng4 Qxh4 31. Rh3 Qg5 32. Qg3 Rxc3 {White resigns}
0-1

[Event "Team 45 45 League T26"]
[Site "Internet Chess Club"]
[Date "2005.05.10"]
[Round "8"]
[White "StevieBlunder"]
[Black "jmc860"]
[Result "1-0"]
[WhiteElo "1705"]
[BlackElo "1613"]
[TimeControl "2700+45"]

1. e4 e6 2. d3 d5 3. Nd2 c5 4. Ngf3 Nc6 5. g3 Nf6 6. Bg2 Be7 7. O-O O-O 8. Re1
Qc7 9. c3 b6 10. e5 Nd7 11. d4 cxd4 12. cxd4 Ba6 13. a3 Rab8 14. b4 Nd8 15. Bb2
f6 16. Rc1 Qb7 17. Qb3 Rc8 18. b5 Rxc1 19. Rxc1 Bxb5 20. Qxb5 a6 21. Qb3 Nf7 22.
Qc2 Qb8 23. Qc7 Rd8 24. Qxb8 Rxb8 25. Nb3 Nh6 26. Bf1 b5 27. Na5 Rb6 28. Rc7 b4
29. a4 Nxe5 30. dxe5 Bd8 31. Rb7 Rxb7 32. Nxb7 Bc7 33. exf6 gxf6 34. Bxf6 Kf7
35. Be5 Bxe5 36. Nxe5+ Kf6 37. Nd7+ Kf5 38. Ndc5 Ng4 39. Bh3 h5 40. f3 Ke5 41.
fxg4 hxg4 42. Bxg4 d4 43. Bxe6 d3 44. Bb3 Kd4 45. Kf2 a5 46. h4 d2 47. Ke2 Kc3
48. Nxa5 d1=Q+ 49. Kxd1 Kb2 50. h5 Kb1 51. h6 Kb2 52. h7 Ka3 53. Ncb7 Kb2 54.
h8=Q+ Kb1 55. Qh7+ Kb2 56. Qc2+ Ka3 57. Nc4# {Black checkmated} 1-0

[Event "Team 45 45 League T26"]
[Site "Internet Chess Club"]
[Date "2005.05.08"]
[Round "8"]
[White "JSC"]
[Black "megamaster"]
[Result "0-1"]
[WhiteElo "1845"]
[BlackElo "2135"]
[TimeControl "2700+45"]

1. e4 c5 2. c3 Nc6 3. d4 cxd4 4. cxd4 d5 5. exd5 Qxd5 6. Nf3 Bg4 7. Be2 Nf6 8.
Nc3 Qh5 9. h3 e6 10. Bf4 Be7 11. O-O Qf5 12. Bg3 Bxf3 13. Bxf3 O-O 14. Qa4 Nh5
15. Bxc6 bxc6 16. Qxc6 Nxg3 17. fxg3 Qd3 18. Qc7 Qxd4+ 19. Kh2 Bf6 20. Qf4 Rab8
21. Qxd4 Bxd4 22. Rab1 Rfc8 23. Rfc1 Kf8 24. Na4 e5 25. b3 Ke7 26. g4 g6 27. Kg3
f5 28. gxf5 gxf5 29. Kf3 h5 30. g3 Ke6 31. Ke2 e4 32. Kd2 Ke5 33. Nc3 Bf2 34.
Ne2 e3+ 35. Kd3 Rd8+ 36. Kc3 Rd2 37. Nf4 Rc8+ 38. Kb4 Rxc1 39. Rxc1 e2 40. Ng2
Bxg3 41. a4 f4 42. Kc3 Rd1 43. Kc2 Rxc1+ 44. Kxc1 f3 {White resigns} 0-1

[Event "Team 45 45 League T26"]
[Site "Internet Chess Club"]
[Date "2005.05.07"]
[Round "8"]
[White "Knight77"]
[Black "zota"]
[Result "1/2-1/2"]
[WhiteElo "1808"]
[BlackElo "1894"]
[TimeControl "2700+45"]

1. Nf3 Nf6 2. g3 g6 3. Bg2 Bg7 4. O-O O-O 5. d3 Nc6 6. Nbd2 e5 7. e4 d5 8. h3
Be6 9. Re1 Qd7 10. Ng5 Rae8 11. Nxe6 fxe6 12. c3 Rf7 13. Nf3 Nh5 14. b4 Ref8 15.
Bb2 a6 16. a4 d4 17. b5 axb5 18. axb5 Ne7 19. c4 Nc8 20. Ba3 Nd6 21. c5 Nxb5 22.
c6 Qxc6 23. Bxf8 Rxf8 24. Rc1 Nc3 25. Qd2 b5 26. Qb2 Qd7 27. h4 c5 28. Qb3 h6
29. Bh3 Re8 30. Nd2 Bf6 31. Ra1 Ng7 32. Nb1 Na4 33. Na3 Nc3 34. Nb1 Na4 35. Ra2
Bd8 36. Rc1 g5 37. hxg5 Bxg5 38. Rcc2 h5 39. Nd2 Rf8 40. Nc4 bxc4 41. Qxa4 Qxa4
42. Rxa4 cxd3 43. Rxc5 Bd2 44. Bf1 Be1 45. Bxd3 Bxf2+ 46. Kg2 Be3 47. Ra2 h4 48.
gxh4 Nh5 49. Bc4 Nf4+ 50. Kh2 d3 51. Bxd3 Nxd3 52. Rc3 Bf4+ 53. Kh3 Rd8 54. Rc7
Ne1 {Game drawn by mutual agreement} 1/2-1/2

[Event "Team 45 45 League T26"]
[Site "Internet Chess Club"]
[Date "2005.05.09"]
[Round "8"]
[White "MrAnderssen"]
[Black "burnsja2003"]
[Result "1-0"]
[WhiteElo "1681"]
[BlackElo "1664"]
[TimeControl "2700+45"]

1. e4 c5 2. Nf3 e6 3. d4 cxd4 4. Nxd4 Nc6 5. Nc3 d6 6. Bb5 Bd7 7. Be3 Nf6 8. Qf3
Be7 9. O-O-O O-O 10. g4 Ne5 11. Qg2 Nfxg4 12. Rdg1 g6 13. Bd2 Bg5 14. f4 Bh4 15.
Bxd7 Qxd7 16. fxe5 Nf2 17. Nf3 Qd8 18. Nxh4 Nxh1 19. Nf3 Qb6 20. Rxh1 f5 21.
exf6 Rxf6 22. e5 Rf5 23. exd6 Qxd6 24. Nh4 Rf6 25. Ne4 Qe5 26. Nxf6+ Qxf6 27.
Bc3 Qf4+ 28. Kb1 Rf8 29. Nxg6 Qf1+ 30. Rxf1 {Black resigns} 1-0

[Event "Team 45 45 League T26"]
[Site "Internet Chess Club"]
[Date "2005.05.09"]
[Round "8"]
[White "Pilgrim"]
[Black "allanchs"]
[Result "0-1"]
[WhiteElo "1562"]
[BlackElo "1660"]
[TimeControl "2700+45"]

1. e4 e5 2. Nf3 Nc6 3. Bc4 Bc5 4. O-O Nf6 5. d4 Bxd4 6. Nxd4 Nxd4 7. f4 d6 8.
fxe5 dxe5 9. Bg5 Bg4 10. Qxg4 Nxg4 11. Bxf7+ Kf8 12. Bxd8 Rxd8 13. Be6+ Ke8 14.
Bxg4 Nxc2 15. Nc3 Nxa1 16. Rxa1 Rd2 17. Nb5 Rf8 18. Nxc7+ Ke7 19. Nd5+ Kd6 20.
Ne3 Kc5 21. Rc1+ Kd4 22. Nc2+ Kxe4 23. Bf3+ Kd3 24. Nb4+ Kd4 25. Rd1 Rxd1+ 26.
Bxd1 e4 27. Be2 Ke3 28. Bc4 Kd2 29. Nd5 e3 30. Nc3 Ke1 31. Ne4 e2 32. Ng3 Re8
33. h4 Kd2 34. Nxe2 Rxe2 35. Bxe2 Kxe2 36. h5 a5 37. Kh2 Kf2 38. Kh3 g6 39. h6
b5 40. Kg4 Kxg2 41. Kg5 Kf3 42. Kf6 g5 43. Kg7 g4 44. Kxh7 g3 45. Kg7 g2 46. h7
g1=Q+ 47. Kf7 Qd4 48. Kg8 Ke3 {White resigns} 0-1

[Event "Team 45 45 League T26"]
[Site "Internet Chess Club"]
[Date "2005.05.08"]
[Round "8"]
[White "DeepHmmm"]
[Black "Vombat"]
[Result "1/2-1/2"]
[WhiteElo "2243"]
[BlackElo "2214"]
[TimeControl "2700+45"]

1. e4 e5 2. Nf3 Nc6 3. d4 exd4 4. Nxd4 Bc5 5. Be3 Qf6 6. c3 Qg6 7. Nd2 a6 8. f4
Nf6 9. Qf3 d6 10. h3 Nd7 11. N2b3 O-O 12. Nxc6 bxc6 13. Nxc5 Nxc5 14. Bxc5 dxc5
15. O-O-O Be6 16. f5 Qg5+ 17. Kb1 Bc8 18. Bc4 a5 19. h4 Qe7 20. Qf4 Ba6 21. Bxa6
Rxa6 22. e5 h6 23. Rh3 Rd8 24. Rhd3 Raa8 25. f6 Rxd3 26. Rxd3 Qe6 27. Rg3 g6 28.
h5 g5 29. Rxg5+ hxg5 30. Qxg5+ Kf8 31. Qg7+ Ke8 32. Qg8+ Kd7 33. Qxa8 Qf5+ 34.
Kc1 Qf1+ 35. Kc2 c4 36. b3 Qxg2+ 37. Kb1 Qe4+ 38. Kb2 Qe2+ 39. Ka3 Qxe5 40. Qf8
Qxf6 41. h6 Qf5 42. bxc4 Qf1 43. c5 Qc1+ 44. Kb3 Qb1+ 45. Ka3 Qc1+ 46. Kb3 Qb1+
47. Ka3 Qc1+ 48. Kb3 Qb1+ 49. Ka3 Qc1+ {Game drawn by repetition} 1/2-1/2

[Event "Team 45 45 League T26"]
[Site "Internet Chess Club"]
[Date "2005.05.07"]
[Round "8"]
[White "DavidBarnsley"]
[Black "Squaredance"]
[Result "1-0"]
[WhiteElo "2020"]
[BlackElo "1928"]
[TimeControl "2700+45"]

1. e4 d5 2. exd5 Qxd5 3. d4 Nf6 4. Nc3 Qa5 5. Nf3 Ne4 6. Bd3 Nxc3 7. bxc3 g6 8.
Bd2 Bg7 9. O-O Bg4 10. Rb1 Qd5 11. Re1 Bxf3 12. gxf3 Nd7 13. Be4 Qxa2 14. Bxb7
Rb8 15. Ra1 Qb2 16. Qe2 e6 17. Bc6 Qb6 18. d5 e5 19. f4 Kd8 20. Be3 Qb2 21. Bxa7
Rc8 22. Bxd7 Kxd7 23. fxe5 Rhe8 24. Bd4 Bxe5 25. Bxe5 f6 26. Qg4+ f5 27. Qa4+
Ke7 28. Bxc7+ Kf7 29. Qd7+ Kf6 30. Ra6+ Kg5 31. Rxe8 Qc1+ 32. Kg2 Rxe8 33. Qxe8
Qd1 34. Qe3+ Kh5 35. Qh3+ Kg5 36. f4# {Black checkmated} 1-0

[Event "Team 45 45 League T26"]
[Site "Internet Chess Club"]
[Date "2005.05.06"]
[Round "8"]
[White "Neo-Myshkin"]
[Black "steve"]
[Result "0-1"]
[WhiteElo "1922"]
[BlackElo "1873"]
[TimeControl "2700+45"]

1. e4 c5 2. Nc3 Nc6 3. f4 g6 4. Nf3 Bg7 5. Bc4 e6 6. d3 Nge7 7. O-O d5 8. Bb3
O-O 9. Qe1 b5 10. Nxb5 Qb6 11. c4 Ba6 12. a4 Na5 13. Ba2 Nec6 14. Kh1 Nb4 15.
Qe2 Bb7 16. e5 Ba6 17. Nd6 Nb7 18. Nb5 Bxb5 19. axb5 a6 20. Bb3 axb5 21. Bd2
bxc4 22. dxc4 Na5 23. Bxb4 Qxb4 24. Ba2 d4 25. Qc2 Rab8 26. Rfb1 Bh6 27. g3 Rfd8
28. Qd3 Rd7 29. h4 Rdb7 30. Ne1 Qb6 31. Kg1 Qc6 32. Qe2 Bg7 33. Nd3 f6 34. Re1
fxe5 35. Nxe5 Bxe5 36. Qxe5 Kf7 37. Bb1 Rxb2 38. Be4 Qb6 39. h5 Nxc4 40. hxg6+
hxg6 41. Qg5 Rg8 42. Qh6 Nd6 43. Qh7+ Rg7 44. Bxg6+ Kf6 45. Rxe6+ Kxe6 46. Qxg7
Kd5 47. Bd3 c4 48. Qe5+ Kc6 49. Be4+ Nxe4 50. Qxe4+ Kb5 51. Qd5+ Kb4 52. Qa8 d3+
53. Kh1 Qh6+ 54. Kg1 Qh2+ {White resigns} 0-1

[Event "Team 45 45 League T26"]
[Site "Internet Chess Club"]
[Date "2005.05.07"]
[Round "8"]
[White "room-matt"]
[Black "Nomad"]
[Result "0-1"]
[WhiteElo "1863"]
[BlackElo "1925"]
[TimeControl "2700+45"]

1. e4 e6 2. d4 d5 3. Nc3 Bb4 4. e5 c5 5. a3 Bxc3+ 6. bxc3 Ne7 7. Qg4 Qc7 8. Qxg7
Rg8 9. Qxh7 cxd4 10. Ne2 dxc3 11. Qd3 Qxe5 12. Bf4 Qg7 13. Nxc3 Nbc6 14. Rb1 a6
15. Rb6 Ne5 16. Qg3 Qh7 17. Qh3 Qxh3 18. gxh3 Nd7 19. Rb2 e5 20. Bg3 b5 21. Bg2
Bb7 22. O-O Rc8 23. Nd1 f5 24. f4 e4 25. Re1 Nb6 26. c3 Kf7 27. Rbe2 Na4 28. Re3
Rc7 29. Bh4 Rgc8 30. Bxe7 Rxe7 31. Rg3 Rec7 32. Rg5 Kf6 33. Rh5 Nxc3 34. Rh6+
Kg7 35. Nxc3 Rxc3 36. Rd6 R8c7 37. Ra1 Kf7 38. h4 Ke7 39. Rg6 d4 40. h5 d3 41.
h6 Kf8 42. Rf6+ Rf7 43. Rd6 Kg8 44. Rd8+ Kh7 45. Rd6 Rc6 46. Rxc6 Bxc6 47. Rc1
Bb7 48. Kf2 Kxh6 49. Ke3 Kg6 50. Bh3 Rh7 51. Rg1+ Kf6 52. Rg3 a5 53. Kd2 b4 54.
axb4 axb4 55. Kc1 b3 56. Kb2 Bd5 57. Kc3 Rh4 {White resigns} 0-1

[Event "Team 45 45 League T26"]
[Site "Internet Chess Club"]
[Date "2005.05.07"]
[Round "8"]
[White "Murdock"]
[Black "StrayLite"]
[Result "1/2-1/2"]
[WhiteElo "1994"]
[BlackElo "1994"]
[TimeControl "2700+45"]

1. e4 c5 2. Nf3 d6 3. d4 cxd4 4. Nxd4 Nf6 5. Nc3 a6 6. f3 e5 7. Nb3 Be6 8. Be3
Nbd7 9. Qd2 Be7 10. O-O-O b5 11. g4 Nb6 12. Qf2 Nc4 13. Bxc4 Bxc4 14. Na5 Be6
15. Nc6 Qd7 16. Nxe7 Qxe7 17. h4 b4 18. Nd5 Bxd5 19. exd5 Qb7 20. Qd2 a5 21. h5
a4 22. g5 b3 23. Kb1 Nd7 24. f4 Rc8 25. Rc1 Ke7 26. fxe5 Nxe5 27. Bf4 bxc2+ 28.
Rxc2 Rxc2 29. Kxc2 Rc8+ 30. Kb1 Nc4 31. Qe2+ Kf8 32. g6 Na3+ 33. Ka1 Nc2+ 34.
Kb1 Na3+ 35. Ka1 {Game drawn by mutual agreement} 1/2-1/2

[Event "Team 45 45 League T26"]
[Site "Internet Chess Club"]
[Date "2005.05.07"]
[Round "8"]
[White "kabindra"]
[Black "nobodylovesyou"]
[Result "1/2-1/2"]
[WhiteElo "1760"]
[BlackElo "1934"]
[TimeControl "2700+45"]

1. e4 d5 2. exd5 Qxd5 3. Nc3 Qd6 4. Nf3 c6 5. Be2 Bf5 6. d4 Nf6 7. h3 e6 8. Be3
Be7 9. Qd2 Qc7 10. Bf4 Qa5 11. O-O O-O 12. Bd3 Nbd7 13. Bxf5 Qxf5 14. Nh4 Qh5
15. Bg3 Nd5 16. Nxd5 cxd5 17. Nf3 Rac8 18. c3 Rc6 19. Ne5 Nxe5 20. Bxe5 Rfc8 21.
Rfe1 b5 22. a3 Rc4 23. Qd3 a5 24. Qg3 Qg6 25. Qxg6 hxg6 26. Bf4 b4 27. axb4 axb4
28. Bd2 bxc3 29. bxc3 Rb8 30. Reb1 Rcc8 31. Rxb8 Rxb8 32. Kf1 Rb2 33. Ke1 Rb7
34. Kd1 Bf6 35. f4 Kf8 36. Kc2 Rc7 37. Kd3 Ke7 38. g4 Kd7 39. g5 Be7 40. h4 Bd6
41. Ra8 Rc8 42. Rxc8 Kxc8 43. c4 dxc4+ 44. Kxc4 Kd7 45. d5 Bb8 46. Be3 Bc7 47.
Kc5 Ba5 48. Bd4 Be1 49. Bxg7 Bxh4 50. Kd4 Bf2+ 51. Ke4 Bg3 52. dxe6+ Kxe6 53.
Be5 {Game drawn by mutual agreement} 1/2-1/2

[Event "Team 45 45 League T26"]
[Site "Internet Chess Club"]
[Date "2005.05.06"]
[Round "8"]
[White "LeifEricson"]
[Black "DocHoliday"]
[Result "1-0"]
[WhiteElo "1867"]
[BlackElo "1898"]
[TimeControl "2700+45"]

1. f4 Nf6 2. Nf3 g6 3. d3 Bg7 4. e4 d6 5. h3 Nc6 6. c3 Nh5 7. Qc2 e5 8. fxe5
dxe5 9. Qf2 O-O 10. g4 Nf6 11. Be2 h5 12. Bg5 hxg4 13. hxg4 Bxg4 14. Nbd2 Qd6
15. Nc4 Qe6 16. O-O-O b5 17. Ne3 Bxf3 18. Qxf3 Nh7 19. Rxh7 Kxh7 20. Rh1+ Kg8
21. Nd5 f5 22. Qh3 Rac8 23. Qh7+ Kf7 24. exf5 Qxf5 25. Rf1 Qxf1+ 26. Bxf1 Rh8
27. Qh3 Rxh3 28. Bxh3 Rh8 29. Bd7 Nb8 30. Bg4 c6 31. Nc7 Bh6 32. Ne6 Bxg5+ 33.
Nxg5+ Kf6 34. Ne4+ Kg7 35. Kc2 Rh4 36. Bc8 Rxe4 37. dxe4 Kf6 38. Kd3 Kg5 39. Ke3
a5 40. a4 Kh4 41. Kf3 b4 42. cxb4 axb4 43. a5 c5 44. a6 Nc6 45. Bb7 Na7 46. Bd5
Kg5 47. Kg3 Nb5 48. Be6 Nc7 49. a7 Kf6 50. Bd5 Ke7 51. a8=Q Nxa8 52. Bxa8 c4 53.
Bd5 c3 54. bxc3 bxc3 55. Bb3 Kd6 56. Kg4 Kc5 57. Kg5 Kd4 58. Bc2 Ke3 59. Kxg6
Kd2 60. Bb3 {Black resigns} 1-0

[Event "Team 45 45 League T26"]
[Site "Internet Chess Club"]
[Date "2005.05.06"]
[Round "8"]
[White "six-killer"]
[Black "SnoopDoggyDogg"]
[Result "1/2-1/2"]
[WhiteElo "1749"]
[BlackElo "1798"]
[TimeControl "2700+45"]

1. e4 c5 2. Nf3 d6 3. d4 cxd4 4. Qxd4 Nc6 5. Bb5 Qa5+ 6. Nc3 Qxb5 7. Nxb5 Nxd4
8. Nfxd4 Kd8 9. Be3 Nf6 10. f3 Bd7 11. Nc3 g6 12. O-O-O Bg7 13. g4 e6 14. Ndb5
Bxb5 15. Nxb5 d5 16. Bxa7 Ke7 17. Bc5+ Kd7 18. Ba3 Ra5 19. Nc3 Rc8 20. Bb4 Ra6
21. exd5 Nxd5 22. Nxd5 exd5 23. Rxd5+ Ke6 24. Rhd1 Be5 25. Rc5 Rxc5 26. Bxc5
Rxa2 27. Ba3 Ra1+ 28. Kd2 Rxd1+ 29. Kxd1 Bxh2 30. Ke2 Bf4 31. b3 h5 32. gxh5
gxh5 33. Kf2 h4 34. Kg2 Be3 35. Kh3 Bf2 36. Bc1 f6 37. Kg4 f5+ 38. Kh3 Ke5 39.
Kg2 Bg3 40. c4 f4 41. Bb2+ Kd6 42. Bd4 Ke6 43. b4 Be1 44. b5 Kd6 45. Kh3 Ke6 46.
Kg2 Kd6 {Game drawn by mutual agreement} 1/2-1/2

[Event "Team 45 45 League T26"]
[Site "Internet Chess Club"]
[Date "2005.05.09"]
[Round "8"]
[White "MrAnderssen"]
[Black "GolferBob"]
[Result "1-0"]
[WhiteElo "1701"]
[BlackElo "1750"]
[TimeControl "2700+45"]

1. e4 c5 2. Nf3 Nc6 3. d4 cxd4 4. Nxd4 Nf6 5. Nc3 e5 6. Ndb5 d6 7. Nd5 Nxd5 8.
exd5 Nb8 9. Bg5 f6 10. Bh4 a6 11. Qh5+ g6 12. Qf3 Be7 13. Nc3 O-O 14. O-O-O f5
15. Bxe7 Qxe7 16. h4 h5 17. Qg3 Kh7 18. Be2 f4 19. Qh2 Bf5 20. g3 fxg3 21. fxg3
Qd7 22. Rdf1 Kg7 23. Rhg1 Bg4 24. Rxf8 Kxf8 25. Ne4 Bf5 26. Rf1 Kg7 27. Ng5 Qa4
28. Ne6+ Bxe6 29. dxe6 Nc6 30. Rf7+ Kh6 31. Bd3 e4 32. Qd2+ {Black resigns} 1-0

[Event "Team 45 45 League T26"]
[Site "Internet Chess Club"]
[Date "2005.05.09"]
[Round "8"]
[White "vvsi"]
[Black "Thersites"]
[Result "1-0"]
[WhiteElo "1672"]
[BlackElo "1655"]
[TimeControl "2700+45"]

1. e4 c5 2. Nc3 e6 3. g3 d5 4. d3 Nc6 5. Bg2 Nf6 6. f4 dxe4 7. Nxe4 Bd7 8. Be3
b6 9. h3 Nd5 10. Bd2 Qc7 11. Ne2 Be7 12. N2c3 Rd8 13. O-O Nd4 14. Nxd5 exd5 15.
Nc3 Bc6 16. g4 O-O 17. f5 Bd6 18. f6 Bh2+ 19. Kh1 Be5 20. fxg7 Bxg7 21. Bg5 Rd7
22. Bf6 Re8 23. g5 Re6 24. Qd2 Rdd6 25. Bxg7 Kxg7 26. Rf2 b5 27. Raf1 Re7 28.
Rf6 b4 29. Nd1 Rde6 30. Rxe6 Rxe6 31. Ne3 Qe5 32. Ng4 Qg3 33. Qf2 Qxf2 34. Rxf2
Re1+ 35. Kh2 Re2 36. Rxe2 Nxe2 37. Nf6 Nf4 38. Bf3 h6 39. h4 hxg5 40. hxg5 Kg6
41. Kg3 Kxg5 42. Nh7+ Kf5 43. Bg4+ Ke5 44. Ng5 Be8 45. Nf3+ {Black resigns} 1-0

[Event "Team 45 45 League T26"]
[Site "Internet Chess Club"]
[Date "2005.05.10"]
[Round "8"]
[White "dougmo"]
[Black "Gardener"]
[Result "1-0"]
[WhiteElo "1585"]
[BlackElo "1522"]
[TimeControl "2700+45"]

1. e4 e6 2. d4 d5 3. e5 c5 4. c3 Nc6 5. Nf3 cxd4 6. cxd4 Bb4+ 7. Nc3 Nge7 8. Bd3
a6 9. O-O Bd7 10. a3 Ba5 11. b4 Bb6 12. Be3 Rc8 13. Qd2 Na7 14. Rac1 Nb5 15.
Nxb5 Bxb5 16. Bxb5+ axb5 17. Qd3 Qd7 18. Rxc8+ Nxc8 19. Ng5 h6 20. Nh3 Bd8 21.
f4 f5 22. exf6 Bxf6 23. f5 O-O 24. fxe6 Qxe6 25. Nf4 Qd7 26. Nh5 Qe7 27. Nf4 Nb6
28. Ng6 Qe8 29. Nxf8 Kxf8 30. Bxh6 Kg8 31. Bf4 Nc4 32. Be5 Bxe5 33. dxe5 Qxe5
34. Qf5 Qxf5 35. Rxf5 d4 36. Rxb5 Nxa3 37. Rxb7 Nc2 38. b5 d3 39. Rd7 Na3 40. b6
d2 41. b7 Nc4 42. b8=Q+ Kh7 43. Qf4 {Black resigns} 1-0

[Event "Team 45 45 League T26"]
[Site "Internet Chess Club"]
[Date "2005.05.09"]
[Round "8"]
[White "ChessicStudent"]
[Black "Two-DogMan"]
[Result "1-0"]
[WhiteElo "1487"]
[BlackElo "1495"]
[TimeControl "2700+45"]

1. Nf3 d5 2. g3 Nf6 3. Bg2 Nc6 4. O-O e5 5. d3 Bc5 6. Nbd2 O-O 7. e4 dxe4 8.
dxe4 Re8 9. c3 a5 10. b3 b5 11. Bb2 b4 12. Qc2 Bb7 13. cxb4 Bxb4 14. Rfd1 Bd6
15. Nc4 Qe7 16. Rd2 Rad8 17. Rad1 Nb4 18. Qb1 Nxe4 19. Re2 Ng5 20. Nxg5 Qxg5 21.
Bxb7 Qf6 22. a3 Rb8 23. Nxa5 Rxb7 24. Nxb7 Nc6 25. Nxd6 cxd6 26. Qe4 Rc8 27. Rc1
{Black resigns} 1-0

[Event "Team 45 45 League T26"]
[Site "Internet Chess Club"]
[Date "2005.05.05"]
[Round "8"]
[White "claymil"]
[Black "jmoffitt"]
[Result "1-0"]
[WhiteElo "1688"]
[BlackElo "1589"]
[TimeControl "2700+45"]

1. c4 e5 2. Nc3 Nf6 3. g3 d5 4. cxd5 Nxd5 5. Bg2 Nb6 6. Qc2 Be7 7. e3 O-O 8.
Nge2 Be6 9. O-O c6 10. d4 N8d7 11. b3 Qc7 12. Bb2 Nf6 13. dxe5 Ng4 14. Nf4 Qxe5
15. h3 Nxe3 16. fxe3 Qxe3+ 17. Kh2 Rfd8 18. Rae1 Qc5 19. Rxe6 fxe6 20. Nxe6 Qe3
21. Nxd8 Rxd8 22. Qf2 Qg5 23. Qf7+ Kh8 24. Ne4 Qg6 25. Qxe7 Rg8 26. Nd6 Nd5 27.
Nf7+ Qxf7 28. Qxf7 {Black resigns} 1-0

[Event "Team 45 45 League T26"]
[Site "Internet Chess Club"]
[Date "2005.05.07"]
[Round "8"]
[White "JesterFox"]
[Black "alaskauk"]
[Result "0-1"]
[WhiteElo "1547"]
[BlackElo "1487"]
[TimeControl "2700+45"]

1. c4 e5 2. Nc3 Nc6 3. g3 Bc5 4. Bg2 Nf6 5. e3 a6 6. a3 O-O 7. Nge2 d6 8. O-O
Be6 9. d3 Bg4 10. Qc2 Qd7 11. b4 Ba7 12. Rb1 Ne7 13. Bxb7 Rab8 14. Bg2 Bh3 15.
a4 Ng6 16. Kh1 h5 17. Ng1 Bxg2+ 18. Kxg2 h4 19. Qe2 hxg3 20. fxg3 Qe6 21. Nf3
Nh7 22. Ne4 f6 23. Nc3 Ng5 24. Nd5 Qg4 25. Rb2 Nxf3 26. Qxf3 Nh4+ {White
resigns} 0-1

[Event "Team 45 45 League T26"]
[Site "Internet Chess Club"]
[Date "2005.05.07"]
[Round "8"]
[White "mogwop"]
[Black "ogoon"]
[Result "1-0"]
[WhiteElo "1432"]
[BlackElo "1659"]
[TimeControl "2700+45"]

1. d4 e5 2. dxe5 Qe7 3. e4 Qxe5 4. Bd3 d5 5. Nf3 Bg4 6. Nbd2 Qd6 7. O-O Nd7 8.
h3 Bh5 9. Qe1 Ne5 10. Nxe5 Qxe5 11. exd5 Qxe1 12. Rxe1+ Be7 13. Bb5+ Kf8 14. Ne4
a6 15. Bc4 b5 16. Bb3 Re8 17. Bf4 Bb4 18. c3 Ba5 19. d6 cxd6 20. Nxd6 Rd8 21.
Nb7 Nf6 22. Nxd8 Bxd8 23. Bd6+ Kg8 24. Be7 Bxe7 25. Rxe7 a5 26. Rae1 g5 27. Rb7
a4 28. Bc2 Kg7 29. Rxb5 Ra8 30. Rxg5+ Kh6 31. Ree5 a3 32. b3 Rd8 33. b4 Rd2 34.
Bb3 Rb2 35. Ra5 Rb1+ 36. Kh2 Bg6 37. Rxg6+ fxg6 38. Rxa3 Ne4 39. Bc2 Re1 40.
Bxe4 Rxe4 41. Rb3 Re2 42. a4 Rxf2 43. a5 Ra2 44. c4 Kg5 45. c5 Kf5 46. c6 Ke6
47. Rc3 Rb2 48. Rc4 Kd5 49. c7 Kxc4 50. c8=Q+ Kxb4 51. Qb7+ Ka3 52. Qxb2+ {Black
resigns} 1-0

[Event "Team 45 45 League T26"]
[Site "Internet Chess Club"]
[Date "2005.05.06"]
[Round "8"]
[White "clarinetref"]
[Black "fuzzface"]
[Result "1-0"]
[WhiteElo "1492"]
[BlackElo "1342"]
[TimeControl "2700+45"]

1. Nf3 c5 2. c4 Nc6 3. d4 e6 4. Nc3 cxd4 5. Nxd4 Nxd4 6. Qxd4 h6 7. g3 Qf6 8.
Qd3 Bb4 9. Bd2 Rb8 10. Bg2 b6 11. a3 Bc5 12. O-O Bb7 13. Bxb7 Rxb7 14. Ne4 Qe7
15. b4 d5 16. cxd5 exd5 17. Qxd5 Rd7 18. Qa8+ Rd8 19. Qc6+ Rd7 20. bxc5 Nf6 21.
Nxf6+ Qxf6 22. Qxf6 gxf6 23. Bc3 bxc5 24. Bxf6 O-O 25. Rfc1 Rc8 26. Rc4 Rb7 27.
Rg4+ Kh7 28. Rg7+ Kh8 29. Rxf7+ Kg8 30. Rxb7 Rc6 31. Bc3 a6 32. Rd1 Rf6 {Black
resigns} 1-0

[Event "Team 45 45 League T26"]
[Site "Internet Chess Club"]
[Date "2005.05.10"]
[Round "8"]
[White "Fogbound"]
[Black "jientho"]
[Result "0-1"]
[WhiteElo "1269"]
[BlackElo "1389"]
[TimeControl "2700+45"]

1. d4 Nf6 2. Nf3 d5 3. Bg5 Ne4 4. Bf4 c5 5. Nbd2 Nc6 6. Nxe4 dxe4 7. Ng5 cxd4 8.
Nxe4 e5 9. Bd2 Bf5 10. Ng3 Bg6 11. a3 Qb6 12. e4 dxe3 13. Bxe3 Qxb2 14. Bd3 Bxd3
15. cxd3 Qc3+ 16. Bd2 Qxd3 17. Ne2 Rd8 18. Ra2 Bxa3 19. O-O Bb4 20. Nc1 Qd5 21.
Rc2 Bxd2 22. Rxd2 Qxd2 23. Qb3 O-O 24. h4 Nd4 25. Qa2 Qxa2 26. Nxa2 Ne2+ 27. Kh1
Rd2 28. Nb4 Rd4 29. Nc2 Rxh4# {White checkmated} 0-1

[Event "Team 45 45 League T26"]
[Site "Internet Chess Club"]
[Date "2005.05.07"]
[Round "8"]
[White "slakkjaw"]
[Black "SilverKnight"]
[Result "1/2-1/2"]
[WhiteElo "1160"]
[BlackElo "1364"]
[TimeControl "2700+45"]

1. d4 Nf6 2. Bg5 d6 3. c4 Nc6 4. Nf3 Be6 5. d5 h6 6. Bxf6 gxf6 7. dxe6 fxe6 8.
Nc3 Qd7 9. g3 O-O-O 10. Bg2 d5 11. cxd5 exd5 12. Nd4 e6 13. Nxc6 Qxc6 14. Qb3
Rg8 15. Nb5 Qb6 16. O-O c6 17. Rac1 Kb8 18. Na3 Qxb3 19. axb3 h5 20. h4 f5 21.
Bh3 Bg7 22. Rc2 d4 23. Rd2 Bh6 24. Rd3 Bf8 25. Nc4 Be7 26. Kh2 Bf6 27. e3 c5 28.
f4 b5 29. Ne5 Bxe5 30. fxe5 Rd5 31. exd4 Rxd4 32. Rxd4 cxd4 33. Rd1 Rd8 34. Bf1
a6 35. b4 Kc7 36. Kg2 Kc6 37. Kf3 Kd5 38. Kf4 Rc8 39. Bd3 Rg8 40. Rc1 Rg4+ 41.
Kf3 Kxe5 42. Rc5+ Kf6 43. Rc6 Ke5 44. Rxa6 f4 45. Bxb5 Rxg3+ 46. Kf2 Rb3 47. Ra2
Rxb4 48. Be2 Rb3 49. Bxh5 Rh3 50. Ra5+ Kf6 51. Bg4 Rxh4 52. Kf3 Rh2 53. Rb5 e5
54. b3 Rh1 55. Rb6+ Kg5 56. Be6 Re1 57. Rb5 Kf6 58. Bd5 Re3+ 59. Kg4 d3 60. Rb6+
Ke7 61. Bf3 d2 62. Bd1 f3 63. Kg3 e4 64. Kf2 Rc3 65. Rb7+ Kd6 66. Rb4 Rc1 67.
Rd4+ Ke5 68. Rxd2 Rc5 69. b4 Rc1 70. Ke3 Rb1 71. Rd4 f2 72. Rxe4+ Kd5 73. Rf4
Rxd1 74. Rxf2 Rb1 75. Rd2+ Kc4 76. Rd4+ Kb5 77. Ke4 Rxb4 78. Rxb4+ Kxb4 {Game
drawn because neither player has mating material} 1/2-1/2